 Dungeon Crawl Stone Soup version 0.29-a0-11-ga75d3d97ab (webtiles) character file.

Game seed: 2231403674651172605

154 testman the Chucker (level 5, -2/52 HPs)
             Began as a Troll Hunter on Jan 28, 2022.
             Was a Believer of Dithmenos.
             Slain by a scorpion (7 damage)
             ... on level 4 of the Dungeon.
             The game lasted 00:07:55 (2222 turns).

testman the Chucker (Troll Hunter)                  Turns: 2222, Time: 00:07:55

Health: -2/52      AC:  4    Str: 22    XL:     5   Next: 13%
Magic:  5/5        EV:  9    Int:  7    God:    Dithmenos [**....]
Gold:   38         SH:  0    Dex: 10    Spells: 4/4 levels left

rFire   . . .      SeeInvis .   f - +0 mace (holy)
rCold   . . .      Faith    .   (no shield)
rNeg    . . .      Spirit   .   b - +0 robe
rPois   .          Reflect  .   (helmet restricted)
rElec   .          Harm     .   (no cloak)
rCorr   +          Rampage  .   (gloves unavailable)
Will    .....                   (boots unavailable)
Stlth   +.........              l - amulet of magic regeneration
HPRegen 0.97/turn               s - ring of resist corrosion
MPRegen 0.49/turn               (no ring)

@: lethally poisoned (-2 -> -4), wreathed by umbra
A: large, unfitting armour, claws 3, regeneration 1, shaggy fur 1, tough skin 1
a: Renounce Religion, Shadow Step


You were on level 4 of the Dungeon.
You worshipped Dithmenos.
Dithmenos was pleased with you.
You visited 1 branch of the dungeon, and saw 4 of its levels.

You collected 98 gold pieces.
You spent 60 gold pieces at shops.

Inventory:

Hand Weapons
 a - a +0 short sword
 f - a +0 mace of holy wrath (weapon)
Missiles
 c - 5 large rocks (quivered)
 d - 2 throwing nets
 h - 15 stones
Armour
 b - a +0 robe (worn)
Jewellery
 l - an amulet of magic regeneration (around neck)
 s - a ring of resist corrosion (left claw)
Wands
 o - a wand of mindburst (1)
Scrolls
 n - a scroll of fog {unknown}
 p - 3 scrolls of teleportation
 q - 2 scrolls of holy word {unknown}
 t - a scroll of magic mapping {unknown}
Potions
 e - 2 potions of lignification
 g - 3 potions of haste
 j - 2 potions of might {unknown}
 k - 2 potions of curing
 m - a potion of attraction {unknown}
 r - a potion of mutation {unknown}
 u - a potion of cancellation {unknown}


   Skills:
 + Level 2.8 Fighting
 + Level 2.2 Maces & Flails
 - Level 4.0 Throwing
 - Level 1.5 Dodging
 - Level 0.3 Stealth
 + Level 1.8 Invocations


You had 4 spell levels left.
You didn't know any spells.
Your spell library contained the following spells:

 Spells                   Type           Power      Damage    Failure   Level
 Sting                    Tmut/Pois      0%         1d3       43%         1
 Poisonous Vapours        Pois/Air       0%         N/A       56%         2
 Static Discharge         Conj/Air       0%         N/A       56%         2
 Fulminant Prism          Conj/Hex       0%         3d6       99%         4
 Iskenderun's Mystic Bla  Conj/Tloc      0%         2d3       99%         4
 Olgreb's Toxic Radiance  Pois           0%         N/A       99%         4
 Lee's Rapid Deconstruct  Erth           0%         3d5*      100%        5
 Lightning Bolt           Conj/Air       0%         1d11      100%        5
 Maxwell's Capacitive Co  Air            0%         ∞         100%        8


Dungeon Overview and Level Annotations

Branches:
Dungeon (4/15)
 Temple: D:4-7

Altars:
Dithmenos

Shops:
D:4 *


Innate Abilities, Weirdness & Mutations

You are too large for most types of armour.
You have claws for hands.
Your natural rate of healing is unusually fast.
You are covered in fur. (AC +1)
You have tough skin. (AC +1)


Message History

The scorpion misses you.
You hit the scorpion.
The scorpion is severely wounded.
You feel very sick. The scorpion stings you!
You are more poisoned.
The scorpion poisons you! The scorpion barely misses you.
You closely miss the scorpion.
The scorpion is severely wounded.
You feel very sick. The scorpion barely misses you.
You are too injured to fight recklessly!
You are too injured to fight recklessly!
You are too injured to fight recklessly!
You are too injured to fight recklessly!
You are too injured to fight recklessly!
You are too injured to fight recklessly!
You are too injured to fight recklessly!
You closely miss the scorpion.
The scorpion is severely wounded.
You feel very sick. The scorpion closely misses you. The scorpion stings you.
You are more poisoned.
The scorpion poisons you!
You closely miss the scorpion.
The scorpion is severely wounded.
You feel very sick. The scorpion stings you.
* * * LOW HITPOINT WARNING * * *
You hit the scorpion but do no damage.
The scorpion is severely wounded.
* * * LOW HITPOINT WARNING * * *
You feel very sick. The scorpion closely misses you. The scorpion misses you.
You hit the scorpion.
The scorpion is almost dead.
* * * LOW HITPOINT WARNING * * *
You feel very sick. The scorpion stings you!
You die...

### ....###
.......########
#...<......###
###....#.....###
####.........#
##.........#
#..#....8..##
#@##....<...#
#s###.8.∩.8.#
#.. ####.####
##.# #8# .# #.#
.# #.# .# #.# .#
..# .##


You could see a scorpion.

Vanquished Creatures
  Jessica (D:2)
  Ijyb (D:3)
  2 adders
  2 worms (D:2)
  3 dart slugs
  10 endoplasms
  2 giant cockroaches (D:1)
  10 goblins
  5 hobgoblins (D:2)
  A quokka (D:1)
  9 ball pythons
  7 bats
  A frilled lizard (D:1)
  11 kobolds
  4 rats
69 creatures vanquished.

Notes
Turn   | Place    | Note
-------+----------+-------------------------------------------
     0 | D:1      | testman the Troll Hunter began the quest for the Orb.
     0 | D:1      | Reached XP level 1. HP: 19/19 MP: 0/0
   147 | D:1      | Reached XP level 2. HP: 26/28 MP: 1/1
   222 | D:1      | Found a faded altar of an unknown god.
   231 | D:1      | Prayed at the altar of an unknown god.
   231 | D:1      | Became a worshipper of Dithmenos the Shadowed
   231 | D:1      | Reached * piety under Dithmenos
   366 | D:1      | Reached skill level 1 in Maces & Flails
   602 | D:1      | Reached XP level 3. HP: 35/35 MP: 2/2
   698 | D:2      | Reached skill level 4 in Throwing
   758 | D:2      | Reached ** piety under Dithmenos
  1110 | D:2      | Reached skill level 1 in Invocations
  1267 | D:2      | Reached XP level 4. HP: 44/44 MP: 3/3
  1328 | D:2      | Noticed Jessica
  1337 | D:2      | Killed Jessica
  1664 | D:3      | Noticed Ijyb
  1715 | D:3      | Killed Ijyb
  1716 | D:3      | Reached XP level 5. HP: 43/52 MP: 5/5
  2186 | D:4      | Found Kuidid's General Store.
  2197 | D:4      | Bought a potion of curing for 30 gold pieces
  2197 | D:4      | Bought a scroll of teleportation for 30 gold pieces
  2222 | D:4      | Slain by a scorpion

Illustrated notes

Levels and vault maps discovered:
D:1:      lightli_arrival_boilingwater, layout_loops_ring,
          nicolae_ecumenical_snake_handling
D:2:      layout_basic, minmay_misc_feat_secret_circle,
          hangedman_decor_riveting, minmay_split_cup_small, uniq_jessica
D:3:      kennysheep_the_goblin_king, layout_rooms,
          chequers_serial_rivers_large_b
D:4:      layout_rooms, okawaru_gym_becter, serial_shops,
          nicolae_shop_statue_plus, shop_coins, kennysheep_mini,
          kennysheep_generic_room_16

Skill      XL: |  1  2  3  4 |
---------------+-------------+-----
Fighting       | 2 |  2.8
Maces & Flails | 1 2 |  2.2
Throwing       | 4 |  4.0
Invocations    | 1 |  1.8
Dodging        | |  1.5
Stealth        | |  0.3

Action                   |  1- 3 |  4- 6 || total
-------------------------+-------+-------++-------
Melee: Short sword       |     7 |       ||     7
       Mace              |   161 |    83 ||   244
       Punch             |     2 |       ||     2
  Use: Scroll            |       |     2 ||     2
 Stab: Sleeping          |     3 |       ||     3
Armor: Robe              |    58 |    42 ||   100
Dodge: Dodged            |   109 |    71 ||   180

Table legend: (Time is in decaauts)
 A = Elapsed time spent in this place.
 B = Non-inter-level travel time spent in this place.
 C = Inter-level travel time spent in this place.
 D = Time resting spent in this place.
 E = Time spent auto-exploring this place.
 F = Levels seen in this place.
 G = Mean time per level.
                   A        B        C        D        E       F      G
               +--------+--------+--------+--------+--------+-----+--------+
         Total |   2356 |   2261 |     95 |      0 |   1644 |   4 |  589.0 |
       Dungeon |   2356 |   2261 |     95 |      0 |   1644 |   4 |  589.0 |
               +--------+--------+--------+--------+--------+-----+--------+

Top non-repeatable levels by time:
     D:2: 939 daAuts
     D:1: 723 daAuts
     D:3: 652 daAuts
     D:4: 41 daAuts
